 Dungeon Crawl Stone Soup version 0.29.0-11-gd7f09526c8 (webtiles) character file.

Game seed: 12057230861014020191

16378 pacmanke6689 the Basher (level 12, -13/94 HPs)
             Began as a Minotaur Fighter on Sept 4, 2022.
             Was a Priest of Hepliaklqana.
             Mangled by a minotaur
             ... wielding a +4 antimagic quarterstaff
              (21 damage)
             ... in a Gauntlet.
             The game lasted 00:43:38 (12695 turns).

pacmanke6689 the Basher (Minotaur Fighter)         Turns: 12695, Time: 00:43:39

Health: -13/94     AC: 24    Str: 24    XL:     12   Next: 9%
Magic:  0/14       EV:  9    Int:  5    God:    Hepliaklqana [***...]
Gold:   965        SH:  7    Dex: 16    Spells: 14/15 levels left

rFire   + + .      SeeInvis .   q - +9 hammer of Zecluob {vorpal, rPois rN+ Stlth+}
rCold   + . .      Faith    .   c - +0 buckler
rNeg    + . .      Spirit   .   e - +2 plate armour {rF+}
rPois   +          Reflect  .   (helmet restricted)
rElec   +          Harm     .   r - +1 cloak
rCorr   +          Rampage  .   D - +2 pair of gloves of Maan Jeu {Dex+4}
Will    .....      NoTele   +   (no boots)
Stlth   ..........              s - amulet of regeneration
HPRegen 1.05/turn               (no ring)
MPRegen 0.14/turn               (no ring)

@: resistant
A: reduced essence, horns 2, retaliatory headbutt
a: Renounce Religion, Recall Ancestor, Ancestor Identity, Transference


You were in a Gauntlet.
You worshipped Hepliaklqana.
Hepliaklqana was most pleased with you.
You visited 3 branches of the dungeon, and saw 13 of its levels.
You also visited: Gauntlet.

You collected 965 gold pieces.

Inventory:

Hand Weapons
 a - a +2 vampiric flail
 g - a +0 dire flail of protection
 q - the +9 hammer of Zecluob (weapon) {vorpal, rPois rN+ Stlth+}
   (You found it on level 2 of the Dungeon)

   It inflicts extra damage upon your enemies.
   rPois:     It protects you from poison.
   rN:        It protects you from negative energy.
   Stlth:     It makes you more stealthy.
Armour
 c - a +0 buckler (worn)
 e - a +2 plate armour of fire resistance (worn)
 r - a +1 cloak (worn)
 D - the +2 pair of gloves of Maan Jeu (worn) {Dex+4}
   (You found it in a Gauntlet)

   Dex:       It affects your dexterity (+4).
Jewellery
 b - a ring of ice
 s - an amulet of regeneration (around neck)
 t - the brooch of Shielding {Spirit SH+8}
   (You found it in a Gauntlet)

   [amulet of guardian spirit]

   It causes incoming damage to be divided between your reserves of health and
   magic.
   SH:        It affects your SH (+8).
 y - an amulet of faith
 B - a ring of protection from fire
Wands
 d - a wand of charming (15)
 l - a wand of mindburst (10)
 w - a wand of polymorph (7)
Scrolls
 j - a scroll of magic mapping
 u - a scroll of noise
 A - 4 scrolls of amnesia
Potions
 f - a potion of cancellation {unknown}
 k - 3 potions of mutation
 m - 2 potions of lignification
 n - a potion of degeneration {unknown}
 o - 2 potions of resistance
 v - a potion of magic {unknown}
 z - 4 potions of flight
 C - 2 potions of attraction {unknown}
 E - a potion of invisibility {unknown}


   Skills:
 + Level 9.5 Fighting
 + Level 13.7 Maces & Flails
 + Level 12.8 Armour
 + Level 3.4 Dodging
 + Level 3.2 Stealth
 + Level 9.4 Shields
 + Level 2.1 Spellcasting
 + Level 1.9 Transmutations
 + Level 2.1 Poison Magic


You had 14 spell levels left.
You knew the following spells:

 Your Spells              Type           Power      Damage    Failure   Level
a - Sting                 Tmut/Pois      8%         1d3       91%         1

Your spell library contained the following spells:

 Spells                   Type           Power      Damage    Failure   Level
 Freeze                   Ice            0%         1d3       99%         1
 Summon Small Mammal      Summ           0%         N/A       99%         1
 Poisonous Vapours        Pois/Air       2%         N/A       99%         2
 Call Canine Familiar     Summ           0%         N/A       100%        3
 Dazzling Flash           Conj/Hex       0%         N/A       100%        3
 Inner Flame              Hex/Fire       0%         N/A       100%        3
 Summon Guardian Golem    Hex/Summ       0%         N/A       100%        3
 Corpse Rot               Necr/Pois/Air  1%         N/A       100%        4
 Hailstorm                Conj/Ice       0%         3d3       100%        4
 Olgreb's Toxic Radiance  Pois           2%         N/A       100%        4
 Agony                    Necr           0%         N/A       100%        5
 Fireball                 Conj/Fire      0%         3d3       100%        5
 Freezing Cloud           Conj/Ice/Air   0%         6-21      100%        5
 Iskenderun's Battlesphe  Conj           0%         2d6       100%        5
 Silence                  Hex/Air        0%         N/A       100%        5
 Conjure Ball Lightning   Conj/Air       0%         3x3d6     100%        6
 Orb of Destruction       Conj           0%         9d5       100%        7


Dungeon Overview and Level Annotations

Branches:
Dungeon (11/15)            Temple (1/1) D:6            Lair (0/5) D:10
    Orc (1/2) D:9         Gauntlet (1/1)

Altars:
Ashenzari
Cheibriados
Dithmenos
Elyvilon
Fedhas
Gozag
Hepliaklqana
Kikubaaqudgha
Makhleb
Nemelex Xobeh
Okawaru
Qazlal
Ru
Sif Muna
Trog
Uskayaw
Vehumet
Wu Jian
Xom
Yredelemnul
Zin
The Shining One

Shops:
D:4 (   D:9 (   Orc:1 =

Annotations:
Orc:1 Snorg Gauntlet 12 transporters, 21 runed translucent doors, exclusion: orange crystal statue


Innate Abilities, Weirdness & Mutations

Your life essence is reduced to manifest your ancestor. (-10% HP)
You have a pair of horns on your head.
You reflexively headbutt those who attack you in melee.


Message History

You block the minotaur's attack.
You feel better.
The minotaur hits you but does no damage.
You block the minotaur's attack.
You feel better.
The minotaur hits you with a +4 antimagic quarterstaff!!
* * * LOW HITPOINT WARNING * * *
The minotaur gores you.
* * * LOW HITPOINT WARNING * * *
You feel better.
The minotaur hits you but does no damage.
The minotaur gores you but does no damage.
You hit the minotaur but do no damage. You headbutt the minotaur.
The minotaur is almost dead.
You block the minotaur's attack.
The minotaur gores you but does no damage.
You hit the minotaur but do no damage.
You headbutt the minotaur, but do no damage.
The minotaur is almost dead.
The minotaur hits you with a +4 antimagic quarterstaff.
The minotaur barely misses you.
You sock the minotaur!
The minotaur is almost dead.
The minotaur hits you with a +4 antimagic quarterstaff!!
* * * LOW HITPOINT WARNING * * *
You feel your power leaking away.
The minotaur gores you but does no damage.
You feel protected. You block the minotaur's attack.
The minotaur gores you but does no damage.
You barely miss the minotaur.
The minotaur is almost dead.
You hit the minotaur but do no damage.
The minotaur is almost dead.
The minotaur barely misses you.
The minotaur gores you but does no damage.
You hit the minotaur.
The minotaur is almost dead.
The minotaur hits you with a +4 antimagic quarterstaff!!
You die...

#############
#...H.......#
#.#########H#
##.# . #@##
#..# ## #.#..#
#.## ⌠.⌠#.##.#
#.# .∩....###
#.# #...# #H#
#.#H# #.# ..
#.#
#.###########.#
#......H......#


You could see a minotaur.

Vanquished Creatures
  2 two-headed ogres
  A tengu warrior (Gauntlet)
  2 death scarabs (Gauntlet)
  The ghost of pacmanke6689 the Cleaver, a novice DrFi of Dithmenos (D:7)
  A spectral death yak (Gauntlet)
  A sixfirhy (Gauntlet)
  A spectral hydra (Gauntlet)
  An oklob plant (D:7)
  An ugly thing (D:7)
  A tengu conjurer (Gauntlet)
  A troll (D:9)
  A shadow (D:8)
  A wyvern (D:9)
  7 yaks
  A spectral komodo dragon (Gauntlet)
  The ghost of xian the Chiller, an amateur MfIE (D:4)
  2 wargs (Orc:1)
  The ghost of Lemondrips the Chopper, an amateur VSBe of Trog (D:3)
  8 orc warriors
  2 sky beasts
  2 black bears (D:4)
  2 ice beasts
  5 ogres
  6 centaurs
  A phantom (D:6)
  5 kobold brigands
  Blork the orc (D:4)
  A necrophage (D:7)
  A gnoll sergeant (D:6)
  A scorpion (D:7)
  4 bullfrogs
  A wight (D:8)
  5 killer bees
  4 howler monkeys
  Crazy Yiuf (D:2)
  7 hounds
  A jelly (D:5)
  9 orc priests
  2 gnoll boudas (D:6)
  2 centaur skeletons (D:3)
  An iguana (D:5)
  A hexer (D:7)
  6 orc wizards
  Robin (D:4)
  9 adders
  11 gnolls (D:6)
  2 white imps
  An ufetubus (Gauntlet)
  2 worms (D:2)
  2 dart slugs
  54 orcs
  5 endoplasms
  3 giant cockroaches
  15 goblins
  6 hobgoblins
  8 jackals
  3 quokkas
  3 ball pythons
  5 bats
  3 frilled lizards
  18 kobolds
  5 rats
262 creatures vanquished.

Vanquished Creatures (collateral kills)
  A two-headed ogre (D:10)
  Sonja (Orc:1)
  A cyclops (D:11)
  A tengu conjurer (Gauntlet)
  A troll (D:8)
  3 yaks
  A wyvern (D:7)
  A water moccasin (D:7)
  2 orc warriors
  An ogre (D:7)
  A centaur (D:9)
  A necrophage (D:7)
  A killer bee (D:10)
  A hound (D:6)
  A jelly (D:7)
  3 orc priests
  An iguana (D:7)
  3 orc wizards
  2 gnolls (D:6)
  A howler monkey skeleton (D:3)
  3 ufetubi (Gauntlet)
  21 orcs
  2 jackals (D:6)
  5 kobolds
59 creatures vanquished.

Vanquished Creatures (others)
  10 hexers
  A kobold (D:3)
  A quokka (D:3)
  4 demonic plants (Gauntlet)
16 creatures vanquished.

Grand Total: 337 creatures vanquished

Notes
Turn   | Place    | Note
-------+----------+-------------------------------------------
     0 | D:1      | pacmanke6689 the Minotaur Fighter began the quest for the
                  | Orb.
     0 | D:1      | Reached XP level 1. HP: 19/19 MP: 0/0
   730 | D:2      | Reached XP level 2. HP: 27/27 MP: 1/1
   971 | D:2      | Reached XP level 3. HP: 31/33 MP: 2/2
  1015 | D:2      | Found a faded altar of an unknown god.
  1454 | D:2      | Reached skill level 3 in Maces & Flails
  1539 | D:2      | Found a runed translucent door.
  1540 | D:2      | Noticed Crazy Yiuf
  1548 | D:2      | Killed Crazy Yiuf
  1549 | D:2      | Reached XP level 4. HP: 30/40 MP: 3/3
  1553 | D:2      | Identified the +9 hammer of Zecluob {vorpal, rPois rN+
                  | Stlth+}
  1567 | D:2      | Identified a scroll of acquirement
  1567 | D:2      | Acquired a +2 plate armour of fire resistance
  1684 | D:3      | Reached skill level 1 in Dodging
  1755 | D:3      | Found a transporter.
  1759 | D:3      | Noticed Lemondrips's ghost (amateur VSBe)
  1760 | D:3      | Found a transporter.
  2026 | D:3      | Found a shimmering altar of Xom.
  2337 | D:3      | Reached XP level 5. HP: 45/47 MP: 4/4
  2338 | D:3      | Reached skill level 4 in Maces & Flails
  2340 | D:3      | Killed Lemondrips's ghost
  2341 | D:3      | Reached skill level 5 in Maces & Flails
  2341 | D:3      | Reached skill level 5 in Armour
  2343 | D:3      | Reached XP level 6. HP: 40/53 MP: 5/5
  2967 | D:4      | Reached skill level 6 in Maces & Flails
  3019 | D:4      | Found a hazy altar of Hepliaklqana.
  3019 | D:4      | Noticed Blork the orc
  3028 | D:4      | Killed Blork the orc
  3029 | D:4      | Reached XP level 7. HP: 43/60 MP: 6/6
  3033 | D:4      | Became a worshipper of Hepliaklqana the Forgotten
  3209 | D:4      | Found a stormy altar of Qazlal.
  3209 | D:4      | Found a snail-covered altar of Cheibriados.
  3237 | D:4      | Reached skill level 5 in Fighting
  3370 | D:4      | Found Ihocoz's Antique Weapon Emporium.
  3459 | D:4      | Found a runed translucent door.
  3482 | D:4      | Noticed xian's ghost (amateur MfIE)
  3494 | D:4      | Reached skill level 5 in Shields
  3499 | D:4      | Killed xian's ghost
  3500 | D:4      | Reached skill level 7 in Maces & Flails
  4026 | D:4      | Noticed Robin
  4035 | D:4      | Killed Robin
  4174 | D:4      | Identified the +1 scale mail of Bacuu {rPois}
  4247 | D:4      | Reached XP level 8. HP: 63/69 MP: 7/7
  4303 | D:4      | Found a broken altar of Ashenzari.
  4449 | D:5      | Entered Level 5 of the Dungeon
  4481 | D:5      | Learned a level 1 spell: Sting
  4520 | D:5      | Reached skill level 8 in Maces & Flails
  4665 | D:5      | Reached * piety under Hepliaklqana
  5463 | D:6      | Found a staircase to the Ecumenical Temple.
  5491 | Temple   | Entered the Ecumenical Temple
  5760 | D:6      | Found a sacrificial altar of Ru.
  5890 | D:6      | Reached ** piety under Hepliaklqana
  5891 | D:6      | Remembered your ancestor Centenhua as a hexer
  5907 | D:6      | Reached skill level 9 in Maces & Flails
  6150 | D:6      | Reached XP level 9. HP: 67/67 MP: 4/8
  6481 | D:7      | Got Xemituse's Directory of the Polar Coals
  6502 | D:7      | Found a white marble altar of Elyvilon.
  6508 | D:7      | Found a basalt altar of Yredelemnul.
  6511 | D:7      | Found a hide-covered altar of Uskayaw.
  6649 | D:7      | Found a transporter.
  6657 | D:7      | Noticed a brown ugly thing
  6658 | D:7      | Noticed pacmanke6689's ghost (novice DrFi)
  6659 | D:7      | Noticed a two-headed ogre
  6672 | D:7      | Found a transporter.
  6673 | D:7      | Noticed an oklob plant
  6794 | D:7      | Reached skill level 10 in Maces & Flails
  6937 | D:8      | Noticed a two-headed ogre
  6959 | D:8      | Killed a two-headed ogre
  6960 | D:8      | Reached skill level 1 in Stealth
  6960 | D:8      | Reached skill level 1 in Poison Magic
  7073 | D:8      | Found a glowing silver altar of Zin.
  7092 | D:8      | Reached skill level 11 in Maces & Flails
  7283 | D:8      | Noticed a troll
  7340 | D:8      | Killed a troll
  7341 | D:8      | Reached skill level 1 in Spellcasting
  7341 | D:8      | Reached XP level 10. HP: 42/77 MP: 10/10
  7544 | D:8      | Reached skill level 1 in Transmutations
  8193 | D:8      | Reached skill level 10 in Armour
  8326 | D:7      | Killed pacmanke6689's ghost
  8446 | D:7      | Killed a brown ugly thing
  8473 | D:7      | Killed a two-headed ogre
  8474 | D:7      | Reached skill level 12 in Maces & Flails
  8550 | D:7      | Killed an oklob plant
  8717 | D:9      | Found Emmejoun's Weapon Emporium.
  8741 | D:9      | Reached XP level 11. HP: 76/84 MP: 12/12
  9163 | D:9      | Found a staircase to the Orcish Mines.
  9449 | Orc:1    | Entered Level 1 of the Orcish Mines
  9615 | Orc:1    | Noticed Sonja
  9630 | Orc:1    | Killed Sonja
  9742 | Orc:1    | Reached *** piety under Hepliaklqana
  9749 | Orc:1    | Noticed an orc warlord
  9819 | Orc:1    | Found Egiter's Jewellery Shop.
  9821 | Orc:1    | Noticed a two-headed ogre
  9822 | Orc:1    | Noticed Snorg
 10761 | D:10     | Entered Level 10 of the Dungeon
 11100 | D:10     | Noticed a two-headed ogre
 11110 | D:10     | Killed a two-headed ogre
 11111 | D:10     | Reached skill level 13 in Maces & Flails
 11225 | D:10     | Found a burning altar of Makhleb.
 11225 | D:10     | Noticed a green death
 11311 | D:10     | Identified the +2 scale mail of Articulation {rF+}
 11446 | D:10     | Found a staircase to the Lair.
 11882 | D:11     | Found a gate leading to a gauntlet.
 11894 | Gauntlet | Entered a Gauntlet
 11894 | Gauntlet | Found a transporter.
 11902 | Gauntlet | Noticed a tengu warrior
 11904 | Gauntlet | Found the +8 demon trident "Rift" {distort, reach+}
 11905 | Gauntlet | Found a transporter.
 11924 | Gauntlet | Found a transporter.
 11926 | Gauntlet | Found the brooch of Shielding {Spirit SH+8}
 11930 | Gauntlet | Found a transporter.
 11955 | Gauntlet | Found a transporter.
 12018 | Gauntlet | Found a transporter.
 12024 | Gauntlet | Noticed a death scarab
 12024 | Gauntlet | Noticed a death scarab
 12033 | Gauntlet | Found a transporter.
 12045 | Gauntlet | Found a transporter.
 12057 | Gauntlet | Found a transporter.
 12065 | Gauntlet | Found a large runed translucent door.
 12066 | Gauntlet | Found a large runed translucent door.
 12067 | Gauntlet | Found a large runed translucent door.
 12067 | Gauntlet | Found a large runed translucent door.
 12068 | Gauntlet | Found a runed translucent gate.
 12068 | Gauntlet | Found the necklace of Bloodlust {*Rage Will++ Int-3 Slay+6}
 12069 | Gauntlet | Found a transporter.
 12069 | Gauntlet | Found a runed translucent gate.
 12069 | Gauntlet | Noticed an orange crystal statue
 12070 | Gauntlet | Found a runed translucent gate.
 12071 | Gauntlet | Found a large runed translucent door.
 12071 | Gauntlet | Found a large runed translucent door.
 12072 | Gauntlet | Found a large runed translucent door.
 12073 | Gauntlet | Found a large runed translucent door.
 12083 | Gauntlet | Found a large runed translucent door.
 12083 | Gauntlet | Found a large runed translucent door.
 12083 | Gauntlet | Found a runed translucent door.
 12083 | Gauntlet | Found a runed translucent door.
 12084 | Gauntlet | Found a large runed translucent door.
 12085 | Gauntlet | Found a large runed translucent door.
 12087 | Gauntlet | Found a transporter.
 12095 | Gauntlet | Found a large runed translucent door.
 12095 | Gauntlet | Found a large runed translucent door.
 12096 | Gauntlet | Found a large runed translucent door.
 12097 | Gauntlet | Found a large runed translucent door.
 12106 | Gauntlet | Found a transporter.
 12108 | Gauntlet | Found a transporter.
 12110 | Gauntlet | Noticed a shining eye
 12131 | Gauntlet | Noticed a sixfirhy
 12133 | Gauntlet | Found a transporter.
 12152 | Gauntlet | Found a transporter.
 12157 | Gauntlet | Found a transporter.
 12158 | Gauntlet | Found a transporter.
 12161 | Gauntlet | Found a transporter.
 12176 | Gauntlet | Killed a sixfirhy
 12291 | Gauntlet | Killed a tengu warrior
 12489 | Gauntlet | Killed a death scarab
 12490 | Gauntlet | Reached XP level 12. HP: 45/94 MP: 14/14
 12531 | Gauntlet | Killed a death scarab
 12551 | Gauntlet | Identified the +2 pair of gloves of Maan Jeu {Dex+4}
 12620 | Gauntlet | Noticed a minotaur
 12695 | Gauntlet | Mangled by a minotaur

Illustrated notes

Levels and vault maps discovered:
D:1:      dpeg_arrival_arbitrary_a, layout_basic
D:2:      layout_rooms, shapermc_ecumenical_altar_acropolis,
          uniq_crazy_yiuf_cottage
D:3:      layout_loops_ring, xom_confusion_cloud, gammafunk_ghost_mausoleum
D:4:      kennysheep_goblin_castle, layout_gridville,
          mainiacjoe_overflow_alcove_1, mainiacjoe_overflow_alcove_4,
          nicolae_overflow_two_pavilions, serial_shops, nicolae_shop_stone,
          ebering_ghost_sewer_d, uniq_blork_the_orc
D:5:      layout_loops_ring
D:6:      layout_cave_pools, nicolae_ru_the_path_less_chosen,
          minmay_temple_entry_statues_fountains, serial_gnoll_camp,
          gnoll_camp_mini_hut, gnoll_camp_mini_basic, gnoll_camp_medium_01,
          gnoll_camp_mini_doghouse, gnoll_camp_mini_hut
D:7:      layout_basic, grunt_temple_overflow_open, nzn_ghost_randoct
D:8:      minmay_inner_zag, layout_rooms, zin_scriptorium, serial_aquarium,
          aquarium_bridge_square [aquarium_subvault_wall,
          aquarium_subvault_bridge, aquarium_subvault_balcony,
          aquarium_subvault_window], aquarium_window_corner,
          aquarium_window_corner, aquarium_window_1, aquarium_window_1,
          aquarium_view_2b, minmay_puff
D:9:      layout_roguey, hiddenorc1_lemuel, serial_shops,
          nicolae_shop_behind_doors
D:10:     layout_long_grid, makhleb_altar_promises_db, lair_entry_dummy,
          special_room [special_room_orc]
D:11:     layout_stronghold, gauntlet_entry_generic, serial_shops,
          nicolae_shop_trees, shop_statue, nicolae_shop_hallway_stairs,
          shop_statue
Temple:   bh_familiar_temple
Orc:1:    orc_temple, layout_caves, serial_shops, nicolae_shop_hallway_stairs,
          nooodl_orcs_dogs, uniq_sonja, uniq_snorg
Gauntlet: gammafunk_gauntlet_one_two_three [gammafunk_gauntlet_arena_mazey,
          gammafunk_gauntlet_arena_grid, nicolae_gauntlet_swirl,
          minmay_gauntlet_arena_make_your_own_arena,
          gammafunk_gauntlet_arena_chambers, gammafunk_gauntlet_arena_corners,
          gammafunk_gauntlet_arena_split_x, gammafunk_gauntlet_arena_spirals,
          nicolae_gauntlet_arena_grate_2, dreamdust_gauntlet_exit_labyrinth]

Skill      XL: |  1  2  3  4  5  6  7  8  9 10 11 |
---------------+----------------------------------+-----
Armour         | 4 5 7 8 9 10 12 | 12.8
Fighting       | 4 5 6 7 8 9 |  9.5
Shields        | 4 5 6 7 8 9 |  9.4
Maces & Flails | 3 5 6 7 9 11 12 13 | 13.7
Dodging        | 1 2 3 |  3.4
Stealth        | 1 2 3 |  3.2
Poison Magic   | 1 2 |  2.1
Spellcasting   | 1 2 |  2.1
Transmutations | 1 |  1.9

Action                   |  1- 3 |  4- 6 |  7- 9 | 10-12 || total
-------------------------+-------+-------+-------+-------++-------
Melee: Flail             |    75 |       |       |       ||    75
       Headbutt          |     7 |     3 |    26 |    68 ||   104
       Mace              |       |    62 |   203 |   293 ||   558
Invok: Ancestor Life: He |       |       |     1 |       ||     1
       Recall Ancestor   |       |       |       |     2 ||     2
  Use: Scroll            |       |     4 |    15 |    19 ||    38
       Potion            |       |     1 |       |    13 ||    14
 Stab: Confused          |       |       |     3 |     1 ||     4
       Distracted        |       |       |     2 |     3 ||     5
Armor: Scale mail        |    48 |       |       |       ||    48
       Plate armour      |       |    60 |   159 |   201 ||   420
Dodge: Dodged            |    34 |    20 |    88 |   108 ||   250
Block: Buckler           |    16 |    14 |    61 |    98 ||   189
